 Dungeon Crawl Stone Soup version 0.29-a0-266-gf56f883ddd (webtiles) character file.

Game seed: 6655688097847962426

36 frimble the Skirmisher (level 3, -9/30 HPs)
             Began as a Djinni Cinder Acolyte on Mar 7, 2022.
             Was a High Priest of Ignis.
             Mangled by a hell rat (10 damage)
             ... in a sewer.
             The game lasted 00:02:07 (2046 turns).

frimble the Skirmisher (Djinni Cinder Acolyte)      Turns: 2046, Time: 00:02:07

Health: -9/30      AC:  5    Str: 13    XL:     3   Next: 57%
Gold:   160        EV: 11    Int: 17    God:    Ignis [*****.] SH:  0 Dex:  8

rFire   + + +      SeeInvis .   b - +0 short sword (venom)
rCold   x . .      Faith    .   (no shield)
rNeg    . . .      Spirit   .   a - +0 robe
rPois   ∞          Reflect  .   (no helmet)
rElec   .          Harm     .   c - +2 cloak
rCorr   .          Rampage  .   (no gloves)
Will    .....                   (boots unavailable)
Stlth   +.........              (no amulet)
HPRegen 0.10/turn               (no ring)
MPRegen 0.00/turn               (no ring)

@: flying, very slightly contaminated, studying Short Blades
A: sickness immunity, fire resistance 2, cold vulnerability 1, float, innate
caster, HP casting, extra vitality 1
a: Renounce Religion, Fiery Armour, Foxfire Swarm, Rising Flame


You were in a sewer.
You worshipped Ignis.
Ignis was extremely pleased with you.
You visited 1 branch of the dungeon, and saw 3 of its levels.
You also visited: Sewer.

You collected 160 gold pieces.

Inventory:

Hand Weapons
 b - a +0 short sword of venom (weapon)
Armour
 a - a +0 robe (worn)
 c - a +2 cloak (worn)
 g - a +1 buckler
Jewellery
 e - a ring of resist corrosion
Wands
 f - a wand of paralysis (15)
Scrolls
 d - a scroll of brand weapon
 k - a scroll of identify
Potions
 h - 2 potions of heal wounds
 i - 2 potions of cancellation {unknown}
 j - 2 potions of curing {unknown}
 l - 3 potions of flight {unknown}


   Skills:
 + Level 3.4 Fighting
 + Level 1.5 Short Blades
 + Level 1.0 Shields
 - Level 3.0 Unarmed Combat
 - Level 2.6 Spellcasting
 + Level 0.3 Evocations


You had 4 spell levels left.
You knew the following spells:

 Your Spells              Type           Power      Damage    Failure   Level
a - Scorch                Fire           22%        2d6       10%         2
b - Shock                 Conj/Air       44%        1d5       6%          1
Your spell library was empty.

Dungeon Overview and Level Annotations

Branches:
Dungeon (3/15)              Sewer (1/1)

Altars:


Innate Abilities, Weirdness & Mutations

You are immune to sickness and miasma.
You are immune to poison.
Your flesh is very heat resistant. (rF++)
You are vulnerable to cold. (rC-)
You float through the air rather than walking.
You learn spells naturally, not from books.
Your magical power is your life essence.
You have superior vitality. (+4 MHP)


Message History

No target in view!
Things that are here:
a rat corpse; a rat corpse; a rat corpse You reach down and open the door.
A hell rat comes into view.
The hell rat roars deafeningly!
A rat comes into view.
Found five items.
Found a gate leading back out of this place.
There are monsters nearby!
There are monsters nearby!
There are monsters nearby!
There are monsters nearby!
Cast which spell? (? or * to list) Flames lash the hell rat.
The hell rat is moderately wounded.
The hell rat's fire resistance burns away.
Casting: Scorch (safe; 10% risk of failure)
Confirm with . or Enter, or press ? or * to list all spells.
You miscast Scorch.
You are very lightly contaminated with residual magic.
Nothing appears to happen.
Casting: Scorch (safe; 10% risk of failure)
Confirm with . or Enter, or press ? or * to list all spells.
Flames lash the rat.
You kill the rat!
Your Shields skill increases to level 1!
You hit the hell rat but do no damage.
The hell rat is poisoned.
The hell rat is moderately wounded.
The hell rat is no longer more vulnerable to fire.
The hell rat bites you!
You hit the hell rat but do no damage.
The hell rat looks as sick as possible!
The hell rat is moderately wounded.
The hell rat bites you.
You hit the hell rat.
The hell rat looks as sick as possible!
The hell rat is heavily wounded.
The hell rat bites you!
* * * LOW HITPOINT WARNING * * *
The hell rat bites you!
You die...

#########
###≈≈.@.≈.###
###.≈≈.≈r..§..#
#≈≈..≈##'##...≈.
##≈..###≈≈≈ #≈..
#≈.≈## ≈≈≈≈≈ ..
#≈≈†# ≈≈≈≈≈≈≈ ≈
#.≈.##≈??!??.# ..
##≈.≈###?∩?###≈..
#.≈≈≈≈#####.≈..≈


You could see a hell rat (extremely poisoned).

Vanquished Creatures
  4 ball pythons
  3 bats
  2 endoplasms (D:1)
  3 giant cockroaches (D:3)
  3 goblins (D:1)
  A hobgoblin (D:1)
  4 quokkas
  4 frilled lizards (D:1)
  2 kobolds (D:1)
  11 rats
37 creatures vanquished.

Notes
Turn   | Place    | Note
-------+----------+-------------------------------------------
     0 | D:1      | frimble the Djinni Cinder Acolyte began the quest for the
                  | Orb.
     0 | D:1      | Reached XP level 1. HP: 20/20 MP: 0/0
   179 | D:1      | Reached XP level 2. HP: 24/25 MP: 0/0
   179 | D:1      | Identified a scroll of acquirement
   179 | D:1      | Acquired a manual of Short Blades
   456 | D:1      | Reached skill level 1 in Short Blades
  1201 | D:2      | Reached XP level 3. HP: 21/30 MP: 0/0
  1201 | D:2      | Learned a level 1 spell: Shock
  1886 | D:3      | Found a glowing drain.
  1905 | Sewer    | Entered a sewer
  2044 | Sewer    | Reached skill level 1 in Shields
  2046 | Sewer    | HP: 1/30 [hell rat (11)]
  2046 | Sewer    | Mangled by a hell rat

Illustrated notes

Levels and vault maps discovered:
D:1:      amcnicky_arrival_abandoned_market, layout_rooms
D:2:      layout_loops_cross
D:3:      layout_rooms, grunt_temple_overflow_growth_and_decay,
          portal_sewer_entry_f, hellmonk_ecumenical_altar_leap_of_faith,
          grunt_decor_clamped
Sewer:    sewer_hellmonk_bad_rat

Skill      XL: |  1  2  3 |
---------------+----------+-----
Short Blades   | 1 |  1.5
Shields        | 1 |  1.0
Fighting       | |  3.4
Unarmed Combat | |  3.0
Spellcasting   | |  2.6
Evocations     | |  0.3

Action                   || total
-------------------------++-------
Melee: Short sword       ||   121
       Unarmed           ||     2
 Cast: Scorch            ||     2
  Use: Scroll            ||     9
Armor: Robe              ||    48
Dodge: Dodged            ||    63

Table legend: (Time is in decaauts)
 A = Elapsed time spent in this place.
 B = Non-inter-level travel time spent in this place.
 C = Inter-level travel time spent in this place.
 D = Time resting spent in this place.
 E = Time spent auto-exploring this place.
 F = Levels seen in this place.
 G = Mean time per level.
                   A        B        C        D        E       F      G
               +--------+--------+--------+--------+--------+-----+--------+
         Total |   2050 |   1969 |     81 |      0 |   1647 |   4 |  512.5 |
       Dungeon |   1909 |   1828 |     81 |      0 |   1548 |   3 |  636.3 |
         Sewer |    141 |    141 |      0 |      0 |     99 |   1 |  141.0 |
               +--------+--------+--------+--------+--------+-----+--------+

Top non-repeatable levels by time:
     D:1: 927 daAuts
     D:2: 718 daAuts
     D:3: 263 daAuts
   Sewer: 141 daAuts
